 Dungeon Crawl Stone Soup version 0.19.0 (webtiles) character file.

57 CanadianGator the Insei (level 3, -2/27 HPs)
             Began as a Demonspawn Transmuter on Nov 18, 2016.
             Slain by a hobgoblin
             ... wielding a +0 club
              (5 damage)
             ... on level 2 of the Dungeon.
             The game lasted 00:05:58 (2219 turns).

CanadianGator the Insei (Demonspawn Transmuter)     Turns: 2219, Time: 00:05:58

Health: -2/27      AC:  5    Str: 10    XL:     3   Next: 73%
Magic:  4/6        EV: 12    Int: 14    God:
Gold:   78         SH:  0    Dex: 14    Spells: 1 memorised, 5 levels left

rFire  . . .     SeeInvis .       - Unarmed
rCold  . . .     Gourm    .     l - +0 leather armour
rNeg   . . .     Faith    .     (no shield)
rPois  .         Spirit   .     (helmet restricted)
rElec  .         Reflect  .     (no cloak)
rCorr  .         Harm     .     (no gloves)
MR     .....                    (boots currently unavailable)
Stlth  +.........               (no amulet)
                                (no ring)
                                (no ring)

@: appendage, very slightly contaminated
A: antennae 1, talons 3, molten scales 1
a: End Transformation


You were on level 2 of the Dungeon.
You were near starving.
You had grown temporary talons.
You visited 1 branch of the dungeon, and saw 2 of its levels.

You collected 78 gold pieces.

Inventory:

Missiles
 a - 12 arrows
Armour
 b - a +0 robe
 l - a +0 leather armour (worn)
Scrolls
 g - a scroll of teleportation {unknown}
 h - a scroll of enchant weapon {unknown}
 i - a scroll of noise {unknown}
 k - 3 scrolls of identify {unknown}
 o - a scroll of enchant armour {unknown}
Potions
 e - 2 potions of might {unknown}
 j - a potion of brilliance {unknown}
 m - a potion of agility {unknown}
 n - a potion of cure mutation {unknown}
Books
 c - a book of Changes

   Spells                             Type                      Level
   a - Beastly Appendage              Transmutation                1
   b - Sticks to Snakes               Transmutation                2
   c - Spider Form                    Transmutation/Poison         3
   d - Ice Form                       Ice/Transmutation            4
   e - Blade Hands                    Transmutation                5
Comestibles
 d - 2 bread rations
 f - a meat ration


   Skills:
 * Level 1.9 Fighting
 + Level 0.1 Armour
 + Level 2.0 Dodging
 * Level 3.6 Unarmed Combat
 + Level 2.0 Spellcasting
 + Level 2.1 Transmutations


You had 5 spell levels left.
You knew the following spells:

 Your Spells              Type           Power        Failure   Level  Hunger
a - Beastly Appendage     Tmut           #.....       14%         1    ##.....


Dungeon Overview and Level Annotations

Branches:
Dungeon (2/15)

Altars:
Sif Muna


Innate Abilities, Weirdness & Mutations

You have a pair of small antennae on your head.
You are partially covered in molten scales. (AC +2)
You have claws for feet.


Message History

Confirm with . or Enter, or press ? or * to list all spells.
You miscast Beastly Appendage.
You are very lightly contaminated with residual magic.
Your skin glows momentarily.
The worm misses you.
The hobgoblin hits you but does no damage.
You hit the worm.
The worm is moderately wounded.
The hobgoblin hits you with a club.
You punch the worm!
The worm is severely wounded.
The worm bites you!
* * * LOW HITPOINT WARNING * * *
Casting: Beastly Appendage
Confirm with . or Enter, or press ? or * to list all spells.
Your feet morph into talons.
The hobgoblin hits you but does no damage.
You hit the hobgoblin.
The hobgoblin is severely wounded.
The hobgoblin hits you with a club.
You die...

# ############# #
#........##.# #
#.)###...##.# ## # #..#
#...##.# #. # #. #..#
#...##.# ## ##.#.####@.#
#...##.# #
.#......##g.###.#.##.######
..........w................
.#.?........#.....##.......
##.###.###................
# ...# ###.....#........
>..... .........#######
..##### ########### # .


You could see a worm and a hobgoblin.

Vanquished Creatures
  An adder (D:2)
  An ooze (D:1)
  2 worms (D:2)
  A leopard gecko (D:2)
  3 bats (D:1)
  A giant cockroach (D:1)
  3 goblins
  4 hobgoblins (D:1)
  8 jackals
  A quokka (D:2)
  2 frilled lizards (D:1)
  4 kobolds
  3 rats (D:1)
34 creatures vanquished.

Notes
Turn   | Place    | Note
-------+----------+-------------------------------------------
     0 | D:1      | CanadianGator the Demonspawn Transmuter began the quest for the Orb.
     0 | D:1      | Reached XP level 1. HP: 15/15 MP: 3/3
   142 | D:1      | Reached skill level 3 in Unarmed Combat
   169 | D:1      | Gained mutation: You have a pair of small antennae on your head. [demonic ancestry]
   169 | D:1      | Reached XP level 2. HP: 7/21 MP: 5/5
  1131 | D:1      | Gained mutation: You are partially covered in molten scales. (AC +2) [demonic ancestry]
  1131 | D:1      | Reached XP level 3. HP: 10/26 MP: 4/6
  1694 | D:2      | Found a deep blue altar of Sif Muna.
  2219 | D:2      | Slain by a hobgoblin

Skill      XL: |  1  2  3 |
---------------+----------+-----
Unarmed Combat | 3 |  3.6
Transmutations | 2 |  2.1
Dodging        | 2 |  2.0
Fighting       | |  1.9
Armour         | |  0.1
Spellcasting   | |  2.0

Action                   || total
-------------------------++-------
Melee: Unarmed           ||   200
       Headbutt          ||     1
       Kick              ||    11
       Punch             ||     3
 Cast: Beastly Appendage ||    16
 Stab: Sleeping          ||     2
  Eat: Chunk             ||     3
Armor: Robe              ||    20
       Leather armour    ||    23
Dodge: Dodged            ||   137
